 Dungeon Crawl Stone Soup version 0.30-a0-652-gcc886f7154 (webtiles) character file.

Game seed: 7324169033892640841

301 Newt the Shooter (level 6, 0/40 HPs)
             Began as a Kobold Hunter on Jan 17, 2023.
             Slain by a lemure (7 damage)
             ... led by Pikel
             ... on level 4 of the Dungeon.
             The game lasted 00:03:04 (3032 turns).

Newt the Shooter (Kobold Hunter)                    Turns: 3032, Time: 00:03:05

Health: 0/40       AC:  4    Str:  8    XL:     6   Next: 64%
Magic:  6/6        EV: 14    Int: 11    God:
Gold:   151        SH:  0    Dex: 20    Spells: 5/5 levels left

rFire   . . .      SeeInvis .    a - +1 shortbow
rCold   . . .      Faith    .    (shield currently unavailable)
rNeg    . . .      Spirit   .    c - +1 leather armour
rPois   .          Reflect  .    (no helmet)
rElec   .          Harm     .    (no cloak)
rCorr   .          Rampage  .    (no gloves)
Will    .....                    (no boots)
Stlth   +++                      (no amulet)
HPRegen 0.26/turn                (no ring)
MPRegen 0.10/turn                (no ring)

@: no status effects
A: small, no large weapons, nightstalker 3
a: no special abilities


You were on level 4 of the Dungeon.
You visited 1 branch of the dungeon, and saw 4 of its levels.

You collected 151 gold pieces.

Inventory:

Hand Weapons
 a - a +1 shortbow (weapon)
Armour
 c - a +1 leather armour (worn)
Wands
 n - a wand of iceblast (1)
Scrolls
 b - a scroll of immolation
 f - a scroll of vulnerability
 g - 2 scrolls of fog
 q - a scroll of enchant armour
Potions
 d - a potion of attraction
 e - a potion of curing
 h - a potion of haste {unknown}
 i - a potion of invisibility {unknown}
 j - a potion of flight {unknown}
 m - a potion of might {unknown}
 p - a potion of cancellation {unknown}
 r - a potion of degeneration {unknown}
 s - a potion of mutation {unknown}


   Skills:
 - Level 5.0 Fighting
 + Level 7.7 Ranged Weapons
 - Level 2.4 Dodging
 - Level 3.0 Stealth


You had 5 spell levels left.
You didn't know any spells.
Your spell library contained the following spells:

 Spells                   Type           Power      Damage    Failure   Level
 Sting                    Tmut/Pois      0%         1d3       45%         1
 Cigotuvi's Dreadful Rot  Necr/Pois/Air  0%         N/A       61%         2
 Poisonous Vapours        Pois/Air       0%         N/A       61%         2
 Ignite Poison            Fire/Tmut/Pois 0%         N/A       83%         3
 Mephitic Cloud           Conj/Pois/Air  0%         N/A       83%         3
 Olgreb's Toxic Radiance  Pois           0%         N/A       99%         4
 Petrify                  Tmut/Erth      0%         N/A       99%         4
 Lehudib's Crystal Spear  Conj/Erth      0%         10d2      100%        8


Dungeon Overview and Level Annotations

Branches:
Dungeon (4/15)
 Temple: D:4-7

Altars:

Shops:
D:2 *


Innate Abilities, Weirdness & Mutations

You are small and have problems with some larger weapons.
You are completely attuned to the shadows.


Message History

You shoot an arrow. The arrow hits the lemure!
The lemure is heavily wounded.
The lemure hits you. The lemure misses you.
You shoot an arrow. The arrow barely misses the lemure. x2
The lemure barely misses you.
You shoot an arrow. The arrow closely misses the lemure.
The arrow hits the lemure but does no damage.
The lemure barely misses you.
You shoot an arrow. The arrow closely misses the lemure.
The arrow hits the lemure but does no damage.
The lemure closely misses you.
You shoot an arrow.
The arrow hits the lemure but does no damage.
The lemure is heavily wounded.
The lemure hits you.
You shoot an arrow. The arrow hits the lemure!
The lemure is almost dead.
The lemure hits you but does no damage.
You shoot an arrow. The arrow hits the lemure!
You kill the lemure!
That felt strangely unrewarding.
The lemure hits you.
You shoot an arrow. The arrow hits the lemure.
The lemure is lightly wounded.
The lemure barely misses you.
You shoot an arrow. The arrow barely misses the lemure.
The lemure hits you.
You shoot an arrow. The arrow completely misses the lemure.
The lemure hits you.
You shoot an arrow. The arrow hits the lemure.
The lemure is lightly wounded.
The lemure hits you.
* * * LOW HITPOINT WARNING * * *
You shoot an arrow. The arrow barely misses the lemure.
The lemure hits you.
* * * LOW HITPOINT WARNING * * *
You shoot an arrow. The arrow hits the lemure.
The lemure is moderately wounded.
The lemure misses you.
You shoot an arrow. The arrow hits the lemure.
The lemure is moderately wounded.
The lemure hits you!
You die...

#####.....#.#
#.###>#.# #.
#...# ..
#..## #..#
###..####
........#
........#####
.........5@.#
........#####
........#
..[....#
..###.#######
##...#...##
##.........##
#...........#
#...........#


You could see a lemure.

Vanquished Creatures
  Edmund (D:4)
  A lemure (D:4)
  A necrophage (D:4)
  An iguana (D:4)
  2 adders (D:3)
  A dart slug (D:1)
  An orc (D:3)
  6 ball pythons
  11 bats
  9 endoplasms
  3 giant cockroaches
  2 goblins
  14 hobgoblins
  5 quokkas
  2 frilled lizards
  4 kobolds
  4 rats
68 creatures vanquished.

Vanquished Creatures (others)
  2 plants (D:2)
2 creatures vanquished.

Grand Total: 70 creatures vanquished

Notes
Turn   | Place    | Note
-------+----------+-------------------------------------------
     0 | D:1      | Newt the Kobold Hunter began the quest for the Orb.
     0 | D:1      | Reached XP level 1. HP: 12/12 MP: 1/1
    60 | D:1      | Reached XP level 2. HP: 17/17 MP: 2/2
   513 | D:1      | Reached XP level 3. HP: 22/22 MP: 3/3
  1080 | D:2      | Found Zoshryl's Assorted Antiques.
  1379 | D:2      | Reached XP level 4. HP: 21/29 MP: 4/4
  2367 | D:4      | Got Sif Muna's Tome of the Impure Fjord
  2405 | D:4      | Noticed Edmund
  2695 | D:4      | Noticed a necrophage
  2702 | D:4      | HP: 1/30 [Edmund/+1 flail of holy wrath (8)]
  2704 | D:4      | Killed Edmund
  2705 | D:4      | Reached skill level 5 in Fighting
  2705 | D:4      | Reached skill level 6 in Ranged Weapons
  2705 | D:4      | Reached XP level 5. HP: 28/35 MP: 5/5
  2705 | D:4      | Reached XP level 6. HP: 32/40 MP: 6/6
  2717 | D:4      | Reached skill level 7 in Ranged Weapons
  3032 | D:4      | Slain by a lemure

Illustrated notes

Levels and vault maps discovered:
D:1:      dpeg_arrival_oval, layout_basic
D:2:      layout_loops_cross, serial_shops, nicolae_shop_overgrown_old_shop
D:3:      layout_basic, minmay_mini_jars
D:4:      layout_rooms, uniq_edmund, uniq_pikel

Skill      XL: |  1  2  3  4  5  6 |
---------------+-------------------+-----
Stealth        | 2 3 |  3.0
Fighting       | 3 5 |  5.0
Ranged Weapons | 6 7 |  7.7
Dodging        | |  2.4

Action                   |  1- 3 |  4- 6 || total
-------------------------+-------+-------++-------
 Fire: Shortbow          |    94 |   110 ||   204
  Use: Scroll            |     6 |     5 ||    11
       Potion            |       |     3 ||     3
Armor: Leather armour    |    23 |    25 ||    48
Dodge: Dodged            |    72 |    67 ||   139

Table legend: (Time is in decaauts)
 A = Elapsed time spent in this place.
 B = Non-inter-level travel time spent in this place.
 C = Inter-level travel time spent in this place.
 D = Time resting spent in this place.
 E = Time spent auto-exploring this place.
 F = Levels seen in this place.
 G = Mean time per level.
                   A        B        C        D        E       F      G
               +--------+--------+--------+--------+--------+-----+--------+
         Total |   3085 |   2972 |    113 |    400 |   2124 |   4 |  771.2 |
       Dungeon |   3085 |   2972 |    113 |    400 |   2124 |   4 |  771.2 |
               +--------+--------+--------+--------+--------+-----+--------+

Top non-repeatable levels by time:
     D:3: 922 daAuts
     D:1: 912 daAuts
     D:2: 816 daAuts
     D:4: 433 daAuts
